 Dungeon Crawl Stone Soup version 0.27-a0-1324-ge0d8e047f6 (webtiles) character file.

Game seed: 2282464464144814865

75 lunkers the Gusty (level 4, -2/33 HPs)
             Began as a Draconian Air Elementalist on June 23, 2021.
             Slain by Natasha (5 damage)
             ... on level 2 of the Dungeon.
             The game lasted 00:05:00 (1942 turns).

lunkers the Gusty (Draconian Air Elementalist)      Turns: 1942, Time: 00:05:01

Health: -2/33      AC:  5    Str: 11    XL:     4   Next: 11%
Magic:  0/7        EV:  9    Int: 16    God:
Gold:   93         SH:  0    Dex: 11    Spells: 7/8 levels left

rFire    . . .     SeeInvis .   e - +0 dagger
rCold    . . .     Faith    .   (no shield)
rNeg     . . .     Spirit   .   (armour unavailable)
rPois    .         Reflect  .   (helmet restricted)
rElec    .         Harm     .   (no cloak)
rCorr    .         Rampage  .   (no gloves)
Will     .....                  (no boots)
Stlth    ++........             (no amulet)
HPRegen  0.11/turn              (no ring)
MPRegen  0.10/turn              (no ring)

@: slowed, constricted, very slow
A: AC +5, unfitting armour, cold-blooded
a: no special abilities


You were on level 2 of the Dungeon.
You visited 1 branch of the dungeon, and saw 2 of its levels.

You collected 93 gold pieces.

Inventory:

Hand Weapons
 e - a +0 dagger (weapon)
Scrolls
 b - a scroll of vulnerability {unknown}
 c - a scroll of identify {unknown}
 d - 2 scrolls of amnesia {unknown}
Potions
 a - a potion of lignification {unknown}
 f - 2 potions of might {unknown}
 g - a potion of berserk rage {unknown}
 h - 2 potions of attraction {unknown}
 i - a potion of cancellation {unknown}


   Skills:
 - Level 1.7 Dodging
 - Level 1.7 Stealth
 + Level 2.6 Spellcasting
 * Level 2.8 Conjurations
 + Level 3.5 Air Magic


You had 7 spell levels left.
You knew the following spells:

 Your Spells              Type           Power      Damage    Failure   Level
a - Shock                 Conj/Air       48%        1d6       5%          1

Your spell library contained the following spells:

 Spells                   Type           Power      Damage    Failure   Level
 Static Discharge         Conj/Air       12%        N/A       8%          2
 Swiftness                Air            13%        N/A       13%         3
 Airstrike                Air            6%         N/A       41%         4
 Lightning Bolt           Conj/Air       6%         1d18      82%         5


Dungeon Overview and Level Annotations

Branches:
Dungeon (2/15)

Altars:

Annotations:
D:2 Natasha


Innate Abilities, Weirdness & Mutations

Your plain brown scales are hard. (AC +5)
You cannot fit into any form of body armour.
You are cold-blooded and may be slowed by cold attacks.


Message History

* * * LOW HITPOINT WARNING * * *
The ball python bites you but does no damage.
The ball python constricts you.
Unknown command.
Unknown command.
You aren't carrying any items that you can evoke.
Unknown command.
Okay, then.
You closely miss Natasha.
Natasha is severely wounded.
The ball python bites you but does no damage.
The ball python constricts you. Natasha claws you.
* * * LOW HITPOINT WARNING * * *
The white imp gestures at you. The puff of frost hits you.
* * * LOW HITPOINT WARNING * * *
The ball python closely misses you.
* * * LOW HITPOINT WARNING * * *
The ball python constricts you. Natasha barely misses you.
The white imp hits you but does no damage.
You barely miss Natasha.
Natasha is severely wounded.
The ball python bites you.
* * * LOW HITPOINT WARNING * * *
The ball python constricts you.
The white imp hits you but does no damage.
Natasha claws you.
* * * LOW HITPOINT WARNING * * *
The ball python bites you but does no damage.
The ball python constricts you.
Casting: Shock (safe; 5% risk of failure)
Confirm with . or Enter, or press ? or * to list all spells.
Aiming: Shock (safe; 5% risk of failure)
Press: ? - help, Shift-Dir - straight line The zap hits Natasha.
Natasha is almost dead.
* * * LOW MAGIC WARNING * * *
The white imp hits you but does no damage.
Natasha claws you.
You die...

##................#####
#..........####.......#
#.......##.#........#.####
#..................#......
#######.#..#.....#.#.#....
#.#..........#.#..#.
####.#..รท.....#.#....#.
#....S..........#....#.
#....#@5#.#...#....#.#.
#.#..h#................
...#...#####...#.....###
#....'...'................
#....#...#.#....#.>..#.##.
#?.. #...# ######.......#.
. #.... #.####.... #...
#.# #...# #.# #)..#


You could see Natasha, a white imp (summoned) and a ball python.

Vanquished Creatures
  Natasha (D:2)
  A gnoll (D:1)
  A dart slug (D:1)
  4 bats
  3 giant cockroaches (D:1)
  A hobgoblin (D:2)
  10 jackals
  A kobold (D:1)
  2 quokkas
  5 ball pythons
  A frilled lizard (D:1)
  3 goblins
  2 rats (D:1)
35 creatures vanquished.

Notes
Turn   | Place    | Note
-------+----------+-------------------------------------------
     0 | D:1      | lunkers the Draconian Air Elementalist began the quest for
                  | the Orb.
     0 | D:1      | Reached XP level 1. HP: 14/14 MP: 3/3
   267 | D:1      | Reached XP level 2. HP: 15/20 MP: 0/5
   869 | D:1      | Reached XP level 3. HP: 26/26 MP: 1/6
  1660 | D:2      | Noticed Natasha
  1667 | D:2      | Killed Natasha
  1668 | D:2      | Reached XP level 4. HP: 28/33 MP: 4/7
  1924 | D:2      | Noticed Natasha
  1942 | D:2      | Slain by Natasha

Illustrated notes

Levels and vault maps discovered:
D:1:      lightli_iron_boxes, layout_basic, dk_noncrumbling_3,
          grunt_decor_one_mirror
D:2:      layout_basic, uniq_natasha

Skill      XL: |  1  2 |
---------------+-------+-----
Conjurations   | 2 |  2.8
Dodging        | |  1.7
Stealth        | |  1.7
Spellcasting   | |  2.6
Air Magic      | |  3.5

Action                   |  1- 3 |  4- 6 || total
-------------------------+-------+-------++-------
Melee: Unarmed           |    27 |       ||    27
       Tailslap          |     3 |       ||     3
       Dagger            |    12 |     8 ||    20
 Cast: Shock             |    71 |    11 ||    82
 Stab: Sleeping          |     1 |       ||     1
Armor: Skin              |    20 |     9 ||    29
Dodge: Dodged            |    38 |    11 ||    49

Table legend: (Time is in decaauts)
 A = Elapsed time spent in this place.
 B = Non-inter-level travel time spent in this place.
 C = Inter-level travel time spent in this place.
 D = Time resting spent in this place.
 E = Time spent auto-exploring this place.
 F = Levels seen in this place.
 G = Mean time per level.
                   A        B        C        D        E       F      G
               +--------+--------+--------+--------+--------+-----+--------+
         Total |   1950 |   1918 |     32 |    319 |   1340 |   2 |  975.0 |
       Dungeon |   1950 |   1918 |     32 |    319 |   1340 |   2 |  975.0 |
               +--------+--------+--------+--------+--------+-----+--------+

Top non-repeatable levels by time:
     D:1: 1327 daAuts
     D:2: 622 daAuts
